 Dungeon Crawl Stone Soup version 0.29-a0-275-g389c0b56f3 (webtiles) character file.

Game seed: 839399699117783806

1222 mistaj the Ruffian (level 8, -14/84 HPs)
             Began as a Troll Monk on Mar 10, 2022.
             Was a Priest of Makhleb.
             Demolished by a yak (16 damage)
             ... on level 5 of the Dungeon.
             The game lasted 00:08:36 (4012 turns).

mistaj the Ruffian (Troll Monk)                     Turns: 4012, Time: 00:08:36

Health: -14/84     AC: -5    Str: 20    XL:     8   Next: 23%
Magic:  7/7        EV: 10    Int:  8    God:    Makhleb [***...]
Gold:   281        SH:  0    Dex: 12    Spells: 7/7 levels left

rFire   . . .      SeeInvis .     - Unarmed
rCold   + . .      Faith    .   (no shield)
rNeg    . . .      Spirit   .   a - +0 robe
rPois   .          Reflect  .   (helmet restricted)
rElec   .          Harm     .   n - +2 cloak
rCorr   .          Rampage  .   (gloves unavailable)
Will    .....                   (boots unavailable)
Stlth   ++........              (no amulet)
HPRegen 1.04/turn               i - ring of protection from cold
MPRegen 0.10/turn               m - ring of flight

@: corroded, flying
A: large, unfitting armour, claws 3, regeneration 1, shaggy fur 1, tough skin 1
a: Renounce Religion, Minor Destruction, Lesser Servant of Makhleb


You were on level 5 of the Dungeon.
You worshipped Makhleb.
Makhleb was most pleased with you.
You visited 2 branches of the dungeon, and saw 7 of its levels.

You collected 281 gold pieces.

Inventory:

Hand Weapons
 f - a +0 dagger of speed
 g - a +0 whip of electrocution
Missiles
 p - 3 throwing nets (quivered)
Armour
 a - a +0 robe (worn)
 n - a +2 cloak (worn)
Jewellery
 i - a ring of protection from cold (left claw)
 m - a ring of flight (right claw)
Wands
 q - a wand of flame (36)
Scrolls
 c - 2 scrolls of enchant armour {unknown}
 d - 2 scrolls of brand weapon {unknown}
 h - 4 scrolls of teleportation {unknown}
 j - a scroll of fear {unknown}
 l - 3 scrolls of blinking {unknown}
 r - a scroll of torment {unknown}
Potions
 b - 2 potions of ambrosia
 e - a potion of curing {unknown}
 k - a potion of attraction {unknown}
 o - 3 potions of degeneration {unknown}
 s - a potion of mutation {unknown}
 t - a potion of flight {unknown}


   Skills:
 + Level 6.3 Fighting
 - Level 2.4 Dodging
 - Level 1.0 Stealth
 + Level 7.6 Unarmed Combat


You had 7 spell levels left.
You didn't know any spells.
Your spell library contained the following spells:

 Spells                   Type           Power      Damage    Failure   Level
 Sandblast                Erth           0%         2d4       41%         1
 Passwall                 Tmut/Erth      0%         N/A       54%         2
 Poisonous Vapours        Pois/Air       0%         N/A       54%         2
 Stone Arrow              Conj/Erth      0%         3d7       78%         3
 Freezing Cloud           Conj/Ice/Air   0%         6-21      100%        5
 Chain Lightning          Conj/Air       0%         N/A       100%        9


Dungeon Overview and Level Annotations

Branches:
Dungeon (6/15)             Temple (1/1) D:4

Altars:
Ashenzari
Cheibriados
Elyvilon
Fedhas
Gozag
Hepliaklqana
Kikubaaqudgha
Makhleb
Nemelex Xobeh
Okawaru
Qazlal
Ru
Sif Muna
Trog
Uskayaw
Vehumet
Xom
Yredelemnul
Zin
The Shining One


Innate Abilities, Weirdness & Mutations

You are too large for most types of armour.
You have claws for hands.
Your natural rate of healing is unusually fast.
You are covered in fur. (AC +1)
You have tough skin. (AC +1)


Message History

You fly upwards.
There is a stone staircase leading down here.
The yak attacks as you move away! The yak gores you but does no damage.
The jelly hits you. The acid corrodes you!
You are splashed with acid!
The jelly barely misses you. The jelly attacks as you move away!
The jelly hits you but does no damage. The jelly attacks as you move away!
The jelly hits you.
You are splashed with acid!
The jelly attacks as you move away! The jelly hits you. The acid corrodes you!
You are splashed with acid!
The jelly attacks as you move away! The jelly barely misses you.
You scratch the jelly but do no damage.
Your claws burn!
You scratch the jelly but do no damage.
Your claws burn!
You claw the jelly, but do no damage. The jelly hits you.
You are splashed with acid!
You scratch the jelly but do no damage.
Your claws burn!
The jelly hits you.
You are splashed with acid!
The yak gores you.
You scratch the jelly.
Your claws burn!
The jelly is moderately wounded.
The jelly hits you.
You are splashed with acid.
* * * LOW HITPOINT WARNING * * *
The yak gores you.
* * * LOW HITPOINT WARNING * * *
The jelly attacks as you move away! The jelly hits you.
* * * LOW HITPOINT WARNING * * *
You are splashed with acid!
* * * LOW HITPOINT WARNING * * *
You claw the jelly! The acid corrodes you!
Your claws burn!
* * * LOW HITPOINT WARNING * * *
The jelly is almost dead.
The jelly barely misses you.
You scratch the jelly.
You kill the jelly!
Makhleb accepts your kill. The yak attacks as you move away! The yak gores you!
* * * LOW HITPOINT WARNING * * *
The yak attacks as you move away! The yak gores you.
* * * LOW HITPOINT WARNING * * *
The yak attacks as you move away! The yak gores you!
You die...

#...#
#..###.........###
##.##
#...........#.)).#
###..#
##......)..####.).
.....##
##........## ##..
......#
#.........# ##.
#.....#
##...####..# ##
###...## #...##
#..# # ##...##
###..## ##.# #
##...#######Y@.##
#.)#
#............##
##..#
##.....###...##
##..## ###...####
##### ##..##
##.....# ##..##
.......## ##...#
.#####..## #...##
## ##..## #...# #
##..## #..##


You could see a yak.

Vanquished Creatures
  Eustachio (D:4)
  A sky beast (D:5)
  An ice beast (D:5)
  A phantom (D:5)
  A centaur (D:4)
  4 scorpions
  2 howler monkeys (D:5)
  A gnoll shaman (D:5)
  2 jellies (D:5)
  An orc priest (D:3)
  An iguana (D:4)
  3 orc wizards (D:5)
  12 gnolls
  3 adders
  A white imp (D:5)
  2 dart slugs
  6 orcs
  3 bats
  4 endoplasms
  2 giant cockroaches
  5 hobgoblins
  7 jackals
  12 kobolds
  2 quokkas
  9 ball pythons
  A frilled lizard (D:2)
  4 goblins
  3 rats
95 creatures vanquished.

Notes
Turn   | Place    | Note
-------+----------+-------------------------------------------
     0 | D:1      | mistaj the Troll Monk began the quest for the Orb.
     0 | D:1      | Reached XP level 1. HP: 22/22 MP: 0/0
   298 | D:1      | Reached XP level 2. HP: 25/29 MP: 1/1
   802 | D:2      | Reached XP level 3. HP: 37/37 MP: 2/2
  1476 | D:3      | Reached skill level 4 in Unarmed Combat
  1476 | D:3      | Reached XP level 4. HP: 21/45 MP: 3/3
  1841 | D:3      | Found a blossoming altar of Fedhas.
  2076 | D:4      | Noticed a scorpion
  2091 | D:4      | Killed a scorpion
  2092 | D:4      | Reached XP level 5. HP: 27/54 MP: 4/4
  2131 | D:4      | Found a hazy altar of Hepliaklqana.
  2141 | D:4      | Noticed a centaur
  2146 | D:4      | Found a staircase to the Ecumenical Temple.
  2152 | D:4      | Killed a centaur
  2153 | D:4      | Reached skill level 5 in Unarmed Combat
  2165 | Temple   | Entered the Ecumenical Temple
  2234 | Temple   | Became a worshipper of Makhleb the Destroyer
  2234 | Temple   | Reached * piety under Makhleb
  2234 | Temple   | Reached ** piety under Makhleb
  2259 | D:4      | Reached XP level 6. HP: 60/63 MP: 5/5
  2489 | D:4      | Noticed Eustachio
  2552 | D:4      | Killed Eustachio
  2796 | D:5      | Entered Level 5 of the Dungeon
  2820 | D:5      | Reached skill level 6 in Unarmed Combat
  2837 | D:5      | Reached skill level 5 in Fighting
  2837 | D:5      | Reached XP level 7. HP: 67/72 MP: 6/6
  3034 | D:5      | Reached skill level 7 in Unarmed Combat
  3182 | D:5      | Reached XP level 8. HP: 47/83 MP: 7/7
  3341 | D:5      | Got Sif Muna's Guide on Air
  3383 | D:5      | Reached *** piety under Makhleb
  4011 | D:5      | HP: 1/84 [yak (6)]
  4012 | D:5      | Demolished by a yak

Illustrated notes

Levels and vault maps discovered:
D:1:      ebering_hopf_link, layout_basic
D:2:      layout_loops_ring, hangedman_decor_growths,
          chequers_serial_rivers_micro_d, hangedman_abyss_or_decor_stabs
D:3:      layout_basic, fedhas_altar_2
D:4:      layout_basic, lemuel_crystal_altar, minmay_temple_entry_ruins,
          serial_bayou_lagoon_b, uniq_eustachio
D:5:      layout_layer_cave
D:6:      layout_rooms, uniq_sigmund
Temple:   compressed_dpeg_circular_temple

Skill      XL: |  1  2  3  4  5  6  7 |
---------------+----------------------+-----
Fighting       | 3 4 5 6 |  6.3
Unarmed Combat | 4 5 6 7 |  7.6
Dodging        | |  2.4
Stealth        | |  1.0

Action                   |  1- 3 |  4- 6 |  7- 9 || total
-------------------------+-------+-------+-------++-------
Melee: Unarmed           |    77 |   162 |    68 ||   307
       Punch             |       |     2 |     2 ||     4
 Stab: Sleeping          |     3 |     1 |       ||     4
Armor: Robe              |    35 |    70 |    20 ||   125
Dodge: Dodged            |    38 |    72 |    46 ||   156

Table legend: (Time is in decaauts)
 A = Elapsed time spent in this place.
 B = Non-inter-level travel time spent in this place.
 C = Inter-level travel time spent in this place.
 D = Time resting spent in this place.
 E = Time spent auto-exploring this place.
 F = Levels seen in this place.
 G = Mean time per level.
                   A        B        C        D        E       F      G
               +--------+--------+--------+--------+--------+-----+--------+
         Total |   3983 |   3819 |    164 |    184 |   2601 |   7 |  569.0 |
       Dungeon |   3905 |   3749 |    156 |    184 |   2601 |   6 |  650.8 |
        Temple |     78 |     70 |      8 |      0 |      0 |   1 |   78.0 |
               +--------+--------+--------+--------+--------+-----+--------+

Top non-repeatable levels by time:
     D:5: 1197 daAuts
     D:1: 725 daAuts
     D:2: 707 daAuts
     D:4: 636 daAuts
     D:3: 630 daAuts
  Temple: 78 daAuts
     D:6: 7 daAuts
